 Dungeon Crawl Stone Soup version 0.29.1-15-g9cfb28693d (webtiles) character file.

Game seed: 15165472372238796675

42 Hugehornet the Covered (level 3, -5/24 HPs)
             Began as a Gargoyle Fighter on Mar 13, 2023.
             Slain by a gnoll
             ... wielding a +0 spear
              (7 damage)
             ... on level 2 of the Dungeon.
             The game lasted 00:02:46 (1408 turns).

Hugehornet the Covered (Gargoyle Fighter)           Turns: 1408, Time: 00:02:46

Health: -5/24      AC: 11    Str: 19    XL:     3   Next: 56%
Magic:  3/3        EV:  9    Int: 10    God:
Gold:   61         SH:  4    Dex:  9    Spells: 2/2 levels left

rFire   . . .      SeeInvis .   a - +0 war axe
rCold   . . .      Faith    .   c - +0 buckler
rNeg    + . .      Spirit   .   b - +0 scale mail
rPois   ∞          Reflect  .   (no helmet)
rElec   +          Harm     .   (no cloak)
rCorr   .          Rampage  .   (no gloves)
Will    .....                   n - +0 pair of boots
Stlth   ..........              (no amulet)
HPRegen 0.08/turn               (no ring)
MPRegen 0.08/turn               (no ring)

@: mighty
A: sickness immunity, AC +3, negative energy resistance 1, electricity
resistance, torment resistance 1, petrification resistance
a: no special abilities


You were on level 2 of the Dungeon.
You visited 1 branch of the dungeon, and saw 2 of its levels.

You collected 61 gold pieces.

Inventory:

Hand Weapons
 a - a +0 war axe (weapon)
Missiles
 l - 6 stones (quivered)
Armour
 b - a +0 scale mail (worn)
 c - a +0 buckler (worn)
 n - a +0 pair of boots (worn)
Scrolls
 e - a scroll of teleportation {unknown}
 f - 2 scrolls of identify {unknown}
 j - a scroll of enchant armour {unknown}
 m - a scroll of amnesia {unknown}
 o - a scroll of fear {unknown}
Potions
 d - 2 potions of might
 g - a potion of berserk rage {unknown}
 h - a potion of lignification {unknown}
 i - a potion of mutation {unknown}
 k - a potion of haste {unknown}


   Skills:
 + Level 3.8 Fighting
 - Level 1.7(1.8) Axes
 * Level 0.3(1.2) Maces & Flails
 * Level 4.1 Armour
 * Level 3.6 Shields


You had 2 spell levels left.
You didn't know any spells.
Your spell library contained the following spells:

 Spells                   Type           Power      Damage    Failure   Level
 Wereblood                Tmut           0%         N/A       91%         2
 Summon Hydra             Summ           0%         N/A       100%        7
 Sublimation of Blood     Necr           Unusable   N/A       N/A         2

Dungeon Overview and Level Annotations

Branches:
Dungeon (2/15)

Altars:

Shops:
D:1 *


Innate Abilities, Weirdness & Mutations

You are immune to sickness and miasma.
Your stone body is resilient. (AC +3)
You are immune to poison.
You resist negative energy. (rN+)
You are resistant to electric shocks. (rElec)
You are resistant to unholy torment.
You are immune to petrification.


Message History

The adder attacks as you move away!
The adder bites you but does no damage. x2
You hit the adder.
The adder is moderately wounded.
The adder barely misses you.
The gnoll hits you from afar with a +0 spear.
You hit the adder.
The adder is moderately wounded.
You block the adder's attack. The adder bites you.
The gnoll hits you but does no damage.
You miss the adder.
The adder is moderately wounded.
You block the adder's attack. The gnoll barely misses you.
The adder closely misses you.
The gnoll hits you from afar with a +0 spear.
You miss the adder.
The adder is moderately wounded.
The adder bites you. The adder bites you but does no damage.
The gnoll hits you from afar with a +0 spear.
You are too injured to fight recklessly!
You are too injured to fight recklessly!
The adder attacks as you move away! The adder barely misses you.
You are too injured to fight recklessly!
You are too injured to fight recklessly!
You are too injured to fight recklessly!
You are too injured to fight recklessly!
You are too injured to fight recklessly!
You barely miss the adder.
The adder is moderately wounded.
You block the adder's attack. You block the gnoll's attack.
The adder bites you but does no damage.
You feel very mighty all of a sudden. The adder bites you but does no damage.
The gnoll hits you from afar with a +0 spear.
* * * LOW HITPOINT WARNING * * *
You closely miss the adder.
The adder is moderately wounded.
The adder bites you but does no damage. You block the gnoll's attack.
You block the adder's attack.
The gnoll hits you from afar with a +0 spear!
You die...

†###.#.#######
..)).#.......#
..####.......# ..#
#.......# ..#
#.......#
..####.......#
.......###...#
##.###.#
#...########### #.#
#†######rgS@.......
#.#
#......g.###.######
#............. ...
##########.....
.### #.......#
#........ #...._=.#
#.......#


You could see 2 gnolls, an adder and a rat.

Vanquished Creatures
  An adder (D:2)
  A dart slug (D:1)
  An orc (D:2)
  3 endoplasms
  2 giant cockroaches
  2 goblins
  4 hobgoblins (D:1)
  3 quokkas (D:1)
  4 bats
  3 frilled lizards (D:1)
  A kobold (D:2)
  3 rats
28 creatures vanquished.

Vanquished Creatures (others)
  A plant (D:1)
1 creature vanquished.

Grand Total: 29 creatures vanquished

Notes
Turn   | Place    | Note
-------+----------+-------------------------------------------
     0 | D:1      | Hugehornet the Gargoyle Fighter began the quest for the
                  | Orb.
     0 | D:1      | Reached XP level 1. HP: 14/14 MP: 1/1
   242 | D:1      | Reached XP level 2. HP: 12/19 MP: 2/2
   561 | D:1      | Found Vikeer Qius's Assorted Antiques.
   838 | D:1      | Reached XP level 3. HP: 24/24 MP: 3/3
  1171 | D:2      | Reached skill level 4 in Armour
  1394 | D:2      | Found a faded altar of an unknown god.
  1408 | D:2      | Slain by a gnoll

Illustrated notes

Levels and vault maps discovered:
D:1:      scummos_arrival_checkerplants, layout_basic, serial_shops,
          nicolae_square_shop, serial_bayou_pond_a
D:2:      layout_basic, basic_ecumenical_altar,
          wander_ebering_terrifying_dragon_lair

Skill      XL: |  1  2  3 |
---------------+----------+-----
Armour         | 4 |  4.1
Fighting       | |  3.8
Axes           | |  1.7
Maces & Flails | |  0.3
Shields        | |  3.6

Action                   || total
-------------------------++-------
Melee: War axe           ||   106
  Use: Potion            ||     1
Armor: Scale mail        ||    83
Dodge: Dodged            ||    72
Block: Buckler           ||    36
